 Dungeon Crawl Stone Soup version 0.28.0-45-g0d030f2227 (webtiles) character file.

Game seed: 8399263763357443404

101 zeratav the Insei (level 4, 0/29 HPs)
             Began as an Octopode Transmuter on Apr 9, 2022.
             Killed from afar by an orc wizard (8 damage)
             ... with a magic dart
             ... on level 3 of the Dungeon.
             The game lasted 00:02:43 (2445 turns).

zeratav the Insei (Octopode Transmuter)             Turns: 2445, Time: 00:02:44

Health: 0/29       AC:  1    Str:  9    XL:     4   Next: 75%
Magic:  7/7        EV: 13    Int: 15    God:
Gold:   38         SH:  0    Dex: 14    Spells: 6/7 levels left

rFire   . . .      SeeInvis .   g - +2 falchion (protect) {long}
rCold   . . .      Faith    .   (no shield)
rNeg    . . .      Spirit   .   (helmet currently unavailable)
rPois   .          Reflect  .   (no amulet)
rElec   .          Harm     .   (no ring)
rCorr   .          Rampage  .   (no ring)
Will    .....                   (no ring)
Stlth   ++........              (no ring)
HPRegen 0.09/turn               (no ring)
MPRegen 0.10/turn               (no ring)
                                (no ring)
                                (no ring)

@: confused, appendages (expiring)
A: tentacle spike 3, almost no armour, amphibious, 8 rings, camouflage 1,
gelatinous body 1, (nimble swimmer 1), tentacles
a: End Transformation


You were on level 3 of the Dungeon.
One of your tentacles had grown a beastly spike.
You visited 1 branch of the dungeon, and saw 3 of its levels.

You collected 38 gold pieces.


Innate Abilities, Weirdness & Mutations

One of your tentacles has grown a beastly spike.
You cannot wear most types of armour.
You are amphibious.
You can wear up to eight rings at the same time.
Your skin changes colour to match your surroundings (Stealth+).
Your rubbery body absorbs attacks. (AC +1, EV +1)
((You are camouflaged when in or above water. (Stealth+)))
You have tentacles for arms and can constrict up to eight enemies at once.


   Skills:
 + Level 2.0 Fighting
 + Level 2.7 Dodging
 + Level 2.4 Stealth
 * Level 4.1 Unarmed Combat
 - Level 2.0 Spellcasting
 - Level 2.0 Transmutations


You had 6 spell levels left.
You knew the following spells:

 Your Spells              Type           Power      Damage    Failure   Level
a - Beastly Appendage     Tmut           14%        N/A       10%         1

Your spell library contained the following spells:

 Spells                   Type           Power      Damage    Failure   Level
 Wereblood                Tmut           7%         N/A       14%         2
 Spider Form              Tmut/Pois      4%         N/A       41%         3
 Ice Form                 Ice/Tmut       4%         N/A       82%         4

Inventory:

Hand Weapons
 f - a +3 mace of holy wrath {mace}
   (You found it on level 2 of the Dungeon)
 g - a +2 falchion of protection (weapon) {long}
   (You took it off a goblin on level 2 of the Dungeon)
Scrolls
 a - 2 scrolls of magic mapping {unknown}
 b - a scroll of silence {unknown}
 j - a scroll of teleportation {unknown}
 k - a scroll of identify {unknown}
Potions
 c - a potion of curing {unknown}
 d - a potion of invisibility {unknown}
 e - a potion of flight {unknown}
 h - a potion of resistance {unknown}
 i - a potion of attraction {unknown}

Dungeon Overview and Level Annotations

Branches:
Dungeon (3/15)

Altars:

..####... #.......##....
.........##.....#.##....#
................#..# ...#
.........##.....##.# ...#
......... ###......##
......... #.......# #
......... #.......# ..#
......... #......$#...#
......... #)..@{o......
#####.... #.....)#o.... .
.... #.......$#.o... ##
.. #........#.#.## #
#.......## .# #.......#
###.....# ......#
#......#


You could see an orc priest and an orc.


Message History

No target in view!
No target in view!
No target in view!
No target in view!
No target in view!
No target in view!
No target in view!
No target in view!
No target in view!
No target in view!
No target in view!
Your transformation is almost over.
Things that are here:
a +0 club {mace}; a goblin corpse; MP[+1]
Your mp is fully restored (7).
Your tentacle spike disappears.
An adder comes into view.
The adder hisses angrily.
You miscast Beastly Appendage.
You are very lightly contaminated with residual magic.
Nothing appears to happen.
MP[-1]
You lost 1 mp, and now have 6/7 mp.
The adder barely misses you.
You hit the adder.
Your weapon exudes an aura of protection.
You grab the adder. You squeeze the adder. You constrict the adder.
You kill the adder!
Your life force feels restored.
Your Fighting skill increases to level 2!
You now have 29 max hp (+1).
No target in view!
No target in view!
No target in view!
No target in view!
No target in view!
No target in view!
No target in view!
No target in view!
No target in view!
No target in view!
No target in view!
No target in view!
No target in view!
Your magical contamination has completely faded away.
A goblin comes into view. It is wielding a +0 club.
HP[+1] MP[+1]
Your hp is fully restored (29).
Your mp is fully restored (7).
A goblin is nearby!
One of your tentacles grows a vicious spike.
MP[-1]
You lost 1 mp, and now have 6/7 mp.
An orc wizard comes into view. It is wielding a +0 dagger.
An orc wizard comes into view. It is wielding a +0 dagger.
The orc wizard shouts!
An orc comes into view. It is wielding a +0 hand axe.
An orc comes into view. It is wielding a +0 hand axe.
The orc moves out of view.
The orc wizard casts a spell.
The orc wizard flickers and vanishes!
Deactivating autopickup; reactivate with Ctrl-A.
The helpless goblin fails to defend itself.
You hit the goblin.
Your weapon exudes an aura of protection.
You grab the goblin.
You pierce the goblin.
You kill the goblin!
An orc priest comes into view. It is wielding a +0 club.
The orc shouts!
You hear a shout!
A magic dart appears from out of thin air!
The magic dart hits you!
HP[-9] MP[+1]
You take 9 damage, and now have 20/29 hp.
MASSIVE DAMAGE!! (PAUSE)
Your mp is fully restored (7).
Your transformation is almost over.
The orc wizard shouts!
You hit something.
Your weapon exudes an aura of protection.
Your tentacle spike misses something.
Your tentacle-slap misses something.
Your squeeze misses something. Something hits you but does no damage.
HP[+1]
You barely miss the orc. You grab the orc.
You pierce the orc, but do no damage.
You squeeze the orc. You constrict the orc.
You kill the orc!
The orc wizard gestures wildly while chanting.
The orc wizard flickers and vanishes!
You hear some strange, mumbled words.
You are confused.
Something hits you but does no damage.
The orc priest invokes the aid of Beogh against you.
Beogh smites you!
* * * LOW HITPOINT WARNING * * *
HP[-13]
You take 13 damage, and now have 8/29 hp.
MASSIVE DAMAGE!! (PAUSE)
You hear some strange, mumbled words.
A magic dart appears from out of thin air!
The magic dart hits you!
You die...

Skill      XL: |  1  2  3  4 |
---------------+-------------+-----
Stealth        | 1 2 |  2.4
Unarmed Combat | 4 |  4.1
Fighting       | 2 |  2.0
Dodging        | |  2.7
Spellcasting   | |  2.0
Transmutations | |  2.0

Action                   |  1- 3 |  4- 6 || total
-------------------------+-------+-------++-------
Melee: Unarmed           |    62 |       ||    62
       Constrict         |    21 |    13 ||    34
       Kick              |    14 |    12 ||    26
       Tentacles         |    12 |    12 ||    24
       Punch             |     3 |     4 ||     7
       Mace              |    13 |    13 ||    26
       Falchion          |       |    25 ||    25
 Cast: Beastly Appendage |    18 |    14 ||    32
 Stab: Sleeping          |     6 |     6 ||    12
Armor: Skin              |     8 |     3 ||    11
Dodge: Dodged            |    61 |    23 ||    84

Levels and vault maps discovered:
D:1:      nzn_arrival_crosshair, layout_rooms, minmay_misc_feat_nine_boxes
D:2:      layout_loops_corners, shapermc_ecumenical_altar_starsandcircs,
          minmay_small_reverse_x
D:3:      layout_basic, mainiacjoe_overflow_alcove_1

Notes
Turn   | Place    | Note
-------+----------+-------------------------------------------
     0 | D:1      | zeratav the Octopode Transmuter began the quest for the
                  | Orb.
     0 | D:1      | Reached XP level 1. HP: 13/13 MP: 3/3
     0 | D:1      | magus.rc [v1.9.6]
    87 | D:1      | Reached XP level 2. HP: 18/18 MP: 3/5
   128 | D:1      | Reached skill level 1 in Stealth
   534 | D:1      | Reached XP level 3. HP: 16/23 MP: 4/6
   846 | D:2      | Found a faded altar of an unknown god.
   896 | D:2      | HP: 5/22 [poisoned by an adder]
  1365 | D:2      | Reached skill level 2 in Stealth
  1365 | D:2      | Reached XP level 4. HP: 23/28 MP: 5/7
  2154 | D:2      | Reached skill level 4 in Unarmed Combat
  2412 | D:3      | Reached skill level 2 in Fighting
  2445 | D:3      | Killed from afar by an orc wizard

Vanquished Creatures
  3 adders
  3 worms (D:2)
  A dart slug (D:1)
  2 orcs (D:3)
  3 ball pythons
  6 bats
  2 endoplasms
  3 giant cockroaches
  12 goblins
  3 hobgoblins (D:2)
  6 kobolds
  4 quokkas
  5 frilled lizards
  5 rats
58 creatures vanquished.

Table legend:
 A = Non-vault XP
 B = Vault XP
 C = Vault XP percentage of total XP
 D = Non-vault monster count
 E = Vault monster count
 F = Vault count percentage of total count
                 A         B        C        D         E       F
            +---------+---------+-------+---------+---------+-------
      Total |     126 |      19 |  13.1 |      54 |       4 |   6.9
            +---------+---------+-------+---------+---------+-------
        D:1 |      44 |       0 |   0.0 |      27 |       0 |   0.0
        D:2 |      53 |      19 |  26.4 |      18 |       4 |  18.2
        D:3 |      29 |       0 |   0.0 |       9 |       0 |   0.0
            +---------+---------+-------+---------+---------+-------

Illustrated notes

Table legend:
 A = Kills in this place as a percentage of kills in entire the game.
 B = Kills by you in this place as a percentage of kills by you in the entire game.
 C = Kills by friends in this place as a percentage of kills by friends in the entire game.
 D = Other kills in this place as a percentage of other kills in the entire game.
 E = Experience gained in this place as a percentage of experience gained in the entire game.
 F = Experience gained in this place divided by the number of levels of this place that you have seen.
                   A       B       C       D       E      F
               +-------+-------+-------+-------+-------+----------------------
         Total | 100.0 | 100.0 |   N/A |   N/A | 100.0 |  48.3
       Dungeon | 100.0 | 100.0 |   N/A |   N/A | 100.0 |  48.3
               +-------+-------+-------+-------+-------+----------------------

Table legend: (Time is in decaauts)
 A = Elapsed time spent in this place.
 B = Non-inter-level travel time spent in this place.
 C = Inter-level travel time spent in this place.
 D = Time resting spent in this place.
 E = Time spent auto-exploring this place.
 F = Levels seen in this place.
 G = Mean time per level.
                   A        B        C        D        E       F      G
               +--------+--------+--------+--------+--------+-----+--------+
         Total |   2457 |   2405 |     52 |    243 |   1783 |   3 |  819.0 |
       Dungeon |   2457 |   2405 |     52 |    243 |   1783 |   3 |  819.0 |
               +--------+--------+--------+--------+--------+-----+--------+

Top non-repeatable levels by time:
     D:2: 1479 daAuts
     D:1: 832 daAuts
     D:3: 145 daAuts
